 Dungeon Crawl Stone Soup version 0.27-a0-333-gfa571bf19a (webtiles) character file.

Game seed: 16747000140942855247

111 kae the Chopper (level 4, -2/41 HPs)
             Began as a Hill Orc Fighter on Feb 12, 2021.
             Killed by divine providence
             ... invoked by an orc priest
              (10 damage)
             ... on level 3 of the Dungeon.
             The game lasted 00:00:53 (1787 turns).

kae the Chopper (Hill Orc Fighter)                  Turns: 1787, Time: 00:00:54

Health: -2/41      AC:  8    Str: 19    XL:     4   Next: 92%
Magic:  4/4        EV:  8    Int:  8    God:
Gold:   104        SH:  9    Dex: 16    Spells: 3/3 levels left

rFire    . . .     SeeInvis .   a - +0 war axe
rCold    . . .     Faith    .   c - +0 kite shield
rNeg     . . .     Spirit   .   b - +0 scale mail
rPois    .         Reflect  .   (no helmet)
rElec    .         Harm     .   (no cloak)
rCorr    .         Rampage  .   (no gloves)
Will     +....                  n - +0 pair of boots
Stlth    ..........             (no amulet)
HPRegen  0.13/turn              k - +6 ring of dexterity
MPRegen  0.09/turn              o - ring of willpower

@: no status effects
A: no striking features
a: Convert to Beogh


You were on level 3 of the Dungeon.
You visited 1 branch of the dungeon, and saw 3 of its levels.

You collected 104 gold pieces.

Inventory:

Hand Weapons
 a - a +0 war axe (weapon)
Armour
 b - a +0 scale mail (worn)
 c - a +0 kite shield (worn)
 n - a +0 pair of boots (worn)
Jewellery
 k - a +6 ring of dexterity (left hand)
 o - a ring of willpower (right hand)
Scrolls
 e - a scroll of fog {unknown}
 i - a scroll of enchant weapon {unknown}
 j - 4 scrolls of teleportation {unknown}
 m - 3 scrolls of identify {unknown}
Potions
 d - a potion of might
 f - a potion of magic {unknown}
 g - a potion of haste {unknown}
 h - a potion of lignification {unknown}
 l - a potion of brilliance {unknown}


   Skills:
 + Level 4.3 Fighting
 * Level 4.6 Axes
 + Level 4.0 Armour
 + Level 1.3 Dodging
 - Level 3.2 Shields


You had 3 spell levels left.
You didn't know any spells.
Your spell library was empty.

Dungeon Overview and Level Annotations

Branches:
Dungeon (3/15)

Altars:
Okawaru


Message History

You closely miss the orc. You hit the orc priest.
The orc priest barely misses you. The orc hits you but does no damage.
You block the orc priest's attack. The orc hits you but does no damage.
You closely miss the orc priest.
The orc priest is severely wounded.
You completely miss the orc.
The orc priest invokes the aid of Beogh against you.
Beogh smites you!
* * * LOW HITPOINT WARNING * * *
The orc hits you but does no damage.
The orc priest invokes the aid of Beogh against you.
You resist with some effort.
Your shield and scale mail prevent you from hitting the orc priest.
The orc priest threatens, "By the altar or by the axe, you will meet Beogh!"
The orc priest is severely wounded.
You hit the orc but do no damage. You block the orc's attack.
You block the orc priest's attack.
The orc priest shouts, "Join the one true god or die!"
You hit the orc priest.
The orc priest is severely wounded.
You hit the orc. You block the orc's attack. You block the orc priest's attack.
The orc closely misses you. The orc priest hits you.
* * * LOW HITPOINT WARNING * * *
You feel better. You block the orc priest's attack.
You hit the orc priest but do no damage.
The orc priest threatens, "By the altar or by the axe, you will meet Beogh!"
The orc priest is severely wounded.
You slash the orc!
You kill the orc!
The orc priest shouts, "Join the one true god or die!"
The orc priest hits you.
* * * LOW HITPOINT WARNING * * *
Your Armour skill increases to level 4!
You see here a +0 mace.
You closely miss the orc priest.
The orc priest is severely wounded.
The orc priest threatens, "By the altar or by the axe, you will meet Beogh!"
The orc priest calls down the wrath of Beogh upon you.
Beogh smites you!
You die...

......#####
#.#####.####.#.#
..........#
#.#####...##.#.##
#..##.###.#
#....##.#.##.#..#
...##.#
####.........[...
##.##.#
#.##.#....##.#
##.##.#
#.##(#######..
†..##.# #.##.#
#.. #.## .#
#####.##.## #..
#)# #@.)......#
#.. #.#
#o######### #..
... #.# ##. ...
#.. . #### ..##
#.. ###


You could see an orc priest.

Vanquished Creatures
  Terence (D:3)
  Natasha (D:3)
  An adder (D:2)
  A worm (D:3)
  A leopard gecko (D:3)
  5 orcs (D:3)
  A ball python (D:1)
  7 bats
  2 giant cockroaches
  4 goblins
  4 hobgoblins
  3 jackals (D:1)
  2 frilled lizards
  2 kobolds
  7 rats
42 creatures vanquished.

Notes
Turn   | Place    | Note
-------+----------+-------------------------------------------
     0 | D:1      | kae the Hill Orc Fighter began the quest for the Orb.
     0 | D:1      | Reached XP level 1. HP: 19/19 MP: 1/1
   258 | D:1      | Reached XP level 2. HP: 27/27 MP: 2/2
   837 | D:2      | Reached XP level 3. HP: 33/33 MP: 3/3
   973 | D:2      | Found an iron altar of Okawaru.
  1574 | D:3      | Reached skill level 1 in Dodging
  1694 | D:3      | Noticed Natasha
  1698 | D:3      | Killed Natasha
  1699 | D:3      | Reached XP level 4. HP: 40/40 MP: 4/4
  1714 | D:3      | Noticed Terence
  1721 | D:3      | Killed Terence
  1783 | D:3      | HP: 2/41 [orc priest (5)]
  1787 | D:3      | Killed from afar by an orc priest

Illustrated notes

Levels and vault maps discovered:
D:1:      beargit_arrival_greenhouse, layout_loops_ring
D:2:      layout_basic, okawaru_metal_pillars_1_2, serial_corexii_hall,
          chequers_hall_statues_y, chequers_hall_statues_y
D:3:      layout_basic, uniq_terence, uniq_natasha

Skill      XL: |  1  2  3  4 |
---------------+-------------+-----
Axes           | 3 4 |  4.6
Fighting       | 4 |  4.3
Dodging        | 1 |  1.3
Armour         | 4 |  4.0
Shields        | |  3.2

Action                   |  1- 3 |  4- 6 || total
-------------------------+-------+-------++-------
Melee: War axe           |   111 |    24 ||   135
  Use: Potion            |       |     1 ||     1
Armor: Scale mail        |    73 |     8 ||    81
Dodge: Dodged            |    36 |     9 ||    45
Block: Kite shield       |    49 |    13 ||    62

Table legend: (Time is in decaauts)
 A = Elapsed time spent in this place.
 B = Non-inter-level travel time spent in this place.
 C = Inter-level travel time spent in this place.
 D = Time resting spent in this place.
 E = Time spent auto-exploring this place.
 F = Levels seen in this place.
 G = Mean time per level.
                   A        B        C        D        E       F      G
               +--------+--------+--------+--------+--------+-----+--------+
         Total |   1859 |   1833 |     26 |     15 |   1470 |   3 |  619.7 |
       Dungeon |   1859 |   1833 |     26 |     15 |   1470 |   3 |  619.7 |
               +--------+--------+--------+--------+--------+-----+--------+

Top non-repeatable levels by time:
     D:2: 825 daAuts
     D:1: 710 daAuts
     D:3: 324 daAuts
